 Dungeon Crawl Stone Soup version 0.27.0-1-g7a089689b8 (webtiles) character file.

Game seed: 12056584810091858752

66 ZARRMARR the Covered (level 4, -4/40 HPs)
             Began as a Hill Orc Fighter on July 31, 2021.
             Was an Initiate of Gozag.
             Slain by an ogre (18 damage)
             ... on level 4 of the Dungeon.
             The game lasted 00:14:04 (2169 turns).

ZARRMARR the Covered (Hill Orc Fighter)             Turns: 2169, Time: 00:14:05

Health: -4/40      AC:  6    Str: 19    XL:     4   Next: 15%
Magic:  4/4        EV:  9    Int:  8    God:    Gozag
Gold:   208        SH: 14    Dex: 10    Spells: 3/3 levels left

rFire    . . .     SeeInvis .   d - +2 dagger (freeze)
rCold    . . .     Faith    .   c - +0 kite shield
rNeg     + . .     Spirit   .   l - +2 robe {rN+}
rPois    .         Reflect  +   (no helmet)
rElec    .         Harm     .   b - +1 cloak {rCorr}
rCorr    +         Rampage  .   (no gloves)
Will     .....                  (no boots)
Stlth    +.........             h - amulet of reflection
HPRegen  0.13/turn              (no ring)
MPRegen  0.09/turn              (no ring)

@: no status effects
A: no striking features
a: Renounce Religion, Potion Petition, Call Merchant, Bribe Branch


You were on level 4 of the Dungeon.
You worshipped Gozag.
Gozag was aware of your devotion.
You visited 1 branch of the dungeon, and saw 4 of its levels.

You collected 219 gold pieces.
You paid 11 gold pieces to Gozag.

Inventory:

Hand Weapons
 d - a +2 dagger of freezing (weapon)
 k - a +2 dagger of draining
Missiles
 g - 74 stones (quivered)
Armour
 b - a +1 cloak of preservation (worn)
 c - a +0 kite shield (worn)
 l - a +2 robe of positive energy (worn)
Jewellery
 h - an amulet of reflection (around neck)
Scrolls
 j - 3 scrolls of identify {unknown}
 m - a scroll of vulnerability {unknown}
Potions
 a - 3 potions of curing {unknown}
 e - 3 potions of degeneration {unknown}
 f - a potion of heal wounds {unknown}
 i - a potion of lignification {unknown}


   Skills:
 + Level 3.9 Fighting
 + Level 0.5 Short Blades
 - Level 2.8 Axes
 + Level 1.3 Throwing
 + Level 4.1 Armour
 + Level 0.2 Dodging
 + Level 3.7 Shields


You had 3 spell levels left.
You didn't know any spells.
Your spell library contained the following spells:

 Spells                   Type           Power      Damage    Failure   Level
 Animate Skeleton         Necr           0%         N/A       88%         1
 Pain                     Necr           0%         1d4       88%         1
 Ignite Poison            Fire/Tmut/Pois 0%         N/A       99%         3
 Mephitic Cloud           Conj/Pois/Air  0%         N/A       99%         3
 Vampiric Draining        Necr           0%         2d6       99%         3
 Bolt of Magma            Conj/Fire/Erth 0%         4d4       100%        5


Dungeon Overview and Level Annotations

Branches:
Dungeon (4/15)
 Temple: D:4-7

Altars:
Gozag


Message History

You throw a stone. The stone hits the ogre.
The ogre is lightly wounded.
Throw: 77 stones
Press: ? - help, Q - select action, (/) - cycle Shift-Dir - straight line, f/p - ogre
Aim: an ogre, wielding a +0 giant club (lightly wounded, 72% to hit)
You throw a stone. The stone barely misses the ogre.
Throw: 76 stones
Press: ? - help, Q - select action, (/) - cycle Shift-Dir - straight line, f/p - ogre
Aim: an ogre, wielding a +0 giant club (lightly wounded, 72% to hit)
You throw a stone.
The stone hits the ogre but does no damage.
The ogre is lightly wounded.
Throw: 75 stones
Press: ? - help, Q - select action, (/) - cycle Shift-Dir - straight line, f/p - ogre
Aim: an ogre, wielding a +0 giant club (lightly wounded, 72% to hit)
You throw a stone. The stone hits the ogre.
The ogre is moderately wounded.
Unknown command.
You hit the ogre. You freeze the ogre.
The ogre is moderately wounded.
You block the ogre's attack.
You hit the ogre. You freeze the ogre.
The ogre is moderately wounded.
The ogre hits you with a +0 giant club.
You barely miss the ogre.
The ogre is moderately wounded.
The ogre hits you with a +0 giant club!!
Ouch! That really hurt!
There is a stone staircase leading up here.
You closely miss the ogre.
The ogre is moderately wounded.
You block the ogre's attack.
You hit the ogre but do no damage.
The ogre is moderately wounded.
The ogre barely misses you.
You barely miss the ogre.
The ogre is moderately wounded.
The ogre hits you with a +0 giant club!!
You die...
Your body crumbles into a pile of gold.

....
#.. ...
#.. #.#
#.# $
##.##
#.@.#
#.#O#.#
##...##
##(##
#.# #(#
.(. #.#
#.#


You could see an ogre.

Vanquished Creatures
  A worm (D:2)
  2 dart slugs
  6 endoplasms
  4 giant cockroaches
  7 goblins
  5 hobgoblins
  9 ball pythons
  3 bats
  6 frilled lizards
  9 kobolds
  6 rats
58 creatures vanquished.

Notes
Turn   | Place    | Note
-------+----------+-------------------------------------------
     0 | D:1      | ZARRMARR the Hill Orc Fighter began the quest for the Orb.
     0 | D:1      | Reached XP level 1. HP: 19/19 MP: 1/1
   118 | D:1      | Reached XP level 2. HP: 17/27 MP: 2/2
   434 | D:1      | Reached skill level 4 in Armour
   521 | D:1      | Reached XP level 3. HP: 33/33 MP: 3/3
  1083 | D:2      | Found an opulent altar of Gozag.
  1131 | D:2      | Became a worshipper of Gozag Ym Sagoz the Greedy
  1451 | D:2      | Identified a scroll of acquirement
  1451 | D:2      | Acquired a +1 cloak of preservation
  1513 | D:3      | Reached skill level 1 in Throwing
  1541 | D:3      | Found a faded altar of an unknown god.
  1742 | D:3      | Reached XP level 4. HP: 40/40 MP: 4/4
  2157 | D:4      | Noticed an ogre
  2169 | D:4      | Slain by an ogre

Illustrated notes

Levels and vault maps discovered:
D:1:      minmay_arrival_open_corners, layout_rooms, corexii_leaking_fountain
D:2:      layout_loops_cross, basic_altar
D:3:      layout_rooms, hellmonk_ecumenical_altar_leap_of_faith,
          minmay_three_crescents
D:4:      layout_loops_cross, minmay_temple_entry_statues_fountains,
          uniq_menkaure, uniq_ijyb

Skill      XL: |  1  2  3 |
---------------+----------+-----
Armour         | 4 |  4.1
Throwing       | 1 |  1.3
Fighting       | |  3.9
Short Blades   | |  0.5
Axes           | |  2.8
Dodging        | |  0.2
Shields        | |  3.7

Action                   |  1- 3 |  4- 6 || total
-------------------------+-------+-------++-------
Melee: War axe           |    22 |       ||    22
       Dagger            |    66 |    22 ||    88
Throw: Stone             |    90 |    12 ||   102
  Use: Potion            |     1 |       ||     1
       Scroll            |     3 |       ||     3
Armor: Scale mail        |    20 |       ||    20
       Robe              |     6 |     4 ||    10
Dodge: Dodged            |    17 |     3 ||    20
Block: Kite shield       |    59 |     8 ||    67
       Reflection        |     5 |       ||     5
